 Dungeon Crawl Stone Soup version 0.17.0-1-g61d176b (webtiles) character file.

287 Megadraco the Archer (level 6, -2/48 HPs)
             Began as a Centaur Hunter on Nov 7, 2015.
             Slain by a gnoll
             ... wielding a +0 club
              (5 damage)
             ... on level 4 of the Dungeon.
             The game lasted 00:21:49 (3482 turns).

Megadraco the Archer (Centaur Hunter)               Turns: 3482, Time: 00:21:49

Health: -2/48      AC:  7    Str: 14    XL:     6   Next: 8%
Magic:  6/6        EV:  9    Int: 10    God:
Gold:   109        SH:  0    Dex: 12    Spells: 0 memorised, 5 levels left

rFire  . . .     SeeInvis .     v - +1 rapier
rCold  . . .     Clarity  .     m - +2 leather armour {rN+}
rNeg   + . .     SustAt   .     (no shield)
rPois  .         Gourm    .     n - +1 hat
rElec  .         Spirit   .     (no cloak)
rCorr  .         Warding  .     (no gloves)
rMut   .         Stasis   .     (no barding)
MR     .....                    (no amulet)
Stlth  +.........               (no ring)
                                (no ring)

@: very quick, not resistant to hostile enchantments, very unstealthy
A: hooves 3, deformed body, speed 2, tough skin 3
a: no special abilities


You were on level 4 of the Dungeon.
You were hungry.

You visited 1 branch of the dungeon, and saw 4 of its levels.

You collected 109 gold pieces.

Inventory:

Hand Weapons
 a - a +1 shortbow
 c - a +0 short sword
 v - a +1 rapier (weapon)
Armour
 d - a +0 leather armour
 j - a +1 ring mail of fire resistance
 m - a +2 leather armour of positive energy (worn)
 n - a +1 hat (worn)
Magical Staves
 y - an uncursed staff of air
Scrolls
 h - a scroll of enchant weapon
 i - a scroll of identify
Potions
 f - a potion of curing
 g - a potion of agility
Comestibles
 e - 3 bread rations
 q - 6 fruits
 r - 3 meat rations
 t - 3 beef jerkies
 u - a slice of pizza


   Skills:
 - Level 2.0 Fighting
 + Level 1.1 Short Blades
 - Level 9.4 Bows
 - Level 1.3 Dodging
 - Level 0.5 Stealth


You had 5 spell levels left.
You didn't know any spells.

Dungeon Overview and Level Annotations

Branches:
Dungeon (4/15)             Temple (0/1) D:4

Altars:


Innate Abilities, Weirdness & Mutations

You have hooves in place of feet.
Armour fits poorly on your strangely shaped body.
You cover ground very quickly.
You have extremely tough skin (AC +3).


Message History

The gnoll hits you with a flail.
* * * LOW HITPOINT WARNING * * *
Read which item? (? for menu, Esc to quit)
As you read the scroll labeled DIK YRI ILUDD, it crumbles to dust.
It is a scroll of recharging.
You aren't carrying any rechargeable items.
The gnoll hits you with a club.
* * * LOW HITPOINT WARNING * * *
The gnoll hits you with a flail.
* * * LOW HITPOINT WARNING * * *
Drink which item? (? for menu, Esc to quit)
You don't have any such object.
Drink which item? (? for menu, Esc to quit)
You can't drink that!
Drink which item? (? for menu, Esc to quit)
It was a potion of cure mutation.
It has a very clean taste.
You regain control of your magic.
Your thinking seems confused.
You feel stronger. The gnoll hits you with a club.
You die...

.#..#.....#.#......###.####....##
....#.....#....#.### #.# #...##
..#...#....##.##.# #.####.#.#
......#.......##.# #......#.#
...#....#.....##.# ########.#
.......#......##.# #.#
#...#.#..##...##<# #.#
*,,,,#........##g# #.#
*,,,,.#....##g##@# #.#
*,,,,,..#.....##g# #.###
*,*,,,....#....#.# #....
*,**,,......#....# #####
*,,,,,.........###
,,,,,,#####....# ******* ######


You could see 2 gnolls.

Vanquished Creatures
  The ghost of comborobin the Cudgeler, an amateur TeGl of Trog (D:3)
  3 adders
  2 gnolls (D:4)
  2 oozes
  An adder skeleton (D:4)
  2 worms
  4 giant geckos
  4 orcs
  A ball python (D:2)
  3 giant cockroaches
  4 hobgoblins
  7 jackals
  A bat (D:3)
  A giant newt (D:2)
  7 goblins
  6 kobolds
  8 rats
57 creatures vanquished.

Notes
Turn   | Place    | Note
--------------------------------------------------------------
     0 | D:1      | Megadraco the Centaur Hunter began the quest for the Orb.
     0 | D:1      | Reached XP level 1. HP: 17/17 MP: 1/1
   235 | D:1      | Reached XP level 2. HP: 24/24 MP: 2/2
   288 | D:1      | Reached skill level 6 in Bows
   501 | D:1      | You fall through a shaft!
   508 | D:2      | Reached XP level 3. HP: 29/29 MP: 3/3
  1415 | D:2      | Reached skill level 7 in Bows
  1692 | D:3      | Gained mutation: Your spells are a little harder to cast, but a little more powerful. [potion of mutation]
  1692 | D:3      | Gained mutation: You are weak. (Str -2) [potion of mutation]
  1692 | D:3      | Gained mutation: You possess an exceptional clarity of mind. [potion of mutation]
  1929 | D:3      | Reached XP level 4. HP: 36/36 MP: 4/4
  2156 | D:3      | Noticed comborobin's ghost (amateur TeGl)
  2285 | D:3      | Killed comborobin's ghost
  2285 | D:3      | Reached skill level 9 in Bows
  2285 | D:3      | Reached XP level 5. HP: 5/41 MP: 5/5
  3236 | D:4      | Reached XP level 6. HP: 48/48 MP: 6/6
  3417 | D:4      | Reached skill level 1 in Short Blades
  3482 | D:4      | Lost mutation: Your spells are a little harder to cast, but a little more powerful. [potion of cure mutation]
  3482 | D:4      | Lost mutation: You possess an exceptional clarity of mind. [potion of cure mutation]
  3482 | D:4      | Lost mutation: You are weak. (Str -2) [potion of cure mutation]
  3482 | D:4      | Slain by a gnoll

Action                   |  1- 3 |  4- 6 || total
-------------------------+-------+-------++-------
Melee: Rapier            |     6 |    29 ||    35
 Fire: Shortbow          |   111 |    21 ||   132
Throw: Javelin           |     6 |    26 ||    32
  Use: Potion            |     7 |     2 ||     9
       Scroll            |       |    10 ||    10
  Eat: Chunk             |     2 |     2 ||     4
       Pizza             |       |     1 ||     1
